Map: Lerilak Crest

Players

Asqi - Winner!

  • Race: Protoss Protoss
  • League: Gold

capac

  • Race: Terran Terran
  • League: Gold

VOD

Have the link to the VOD?

Description

Time

  • Played on: March 20, 2016, 12:17 p.m.
  • Length: 8:13
Show
View Real Time Build Order
Export as new Build Order

Asqi Protoss - Winner!

Build Orders: Oracle Opening 

Get SALT Encoding   

  12  0:02  Probe (Chrono Boost)  
  13  0:12  Probe (Chrono Boost)  
  14  0:18  Pylon  
  14  0:23  Probe (Chrono Boost)  
  15  0:37  Probe (Chrono Boost)  
  15  0:39  Gateway  
  16  0:46  Assimilator  
  16  0:49  Probe (Chrono Boost)  
  17  0:59  Probe (Chrono Boost)  
  18  1:15  Assimilator  
  18  1:17  Probe (Chrono Boost)  
  19  1:26  Cybernetics Core  
  19  1:27  Probe (Chrono Boost)  
  19  1:32  Pylon  
  20  1:38  Probe (Chrono Boost)  
  21  1:42  Pylon  
  21  1:48  Probe (Chrono Boost)  
  22  1:59  Probe (Chrono Boost)  
  23  2:03  Stargate  
  23  2:08  Adept  
  25  2:09  Probe (Chrono Boost)  
  26  2:24  Warp Gate  
  26  2:46  Oracle (Chrono Boost)  
  29  3:13  Gateway  
  29  3:14  Gateway  
  29  3:18  Oracle (Chrono Boost)  
  32  3:49  Oracle (Chrono Boost)  
  35  4:20  Oracle (Chrono Boost)  
  32  5:10  Adept x3  
  38  5:15  Gateway  
  38  5:19  Pylon  
  38  5:21  Pylon  
  38  5:23  Pylon  
  32  6:25  Adept  
  32  6:26  Adept x3  
  40  6:41  Nexus, Pylon  
  40  6:43  Pylon  
  40  6:45  Pylon  
  40  7:05  Stalker x2  
  40  7:06  Stalker x2  
  52  7:08  Void Ray (Chrono Boost)  
  52  7:12  Probe  
  53  7:24  Probe  
  54  7:48  Stalker x3  
  54  7:49  Stalker  
Show
View Real Time Build Order
Export as new Build Order

capac Terran 

Build Orders: Reaper Expand 

Get SALT Encoding   

  12  0:01  SCV  
  13  0:13  SCV  
  14  0:19  Supply Depot  
  14  0:25  SCV  
  15  0:40  SCV  
  16  0:42  Barracks  
  16  0:47  Refinery  
  16  0:53  SCV  
  17  1:07  SCV  
  18  1:27  SCV  
  19  1:34  Reaper  
  20  1:41  Command Center  
  20  1:45  Orbital Command  
  20  2:07  Barracks Reactor  
  20  2:12  Supply Depot  
  20  2:18  SCV  
  21  2:29  Factory  
  21  2:31  SCV  
  21  2:36  Refinery  
  22  2:40  Barracks  
  22  2:47  SCV  
  22  2:49  Bunker  
  23  2:56  Engineering Bay, Orbital Command  
  23  3:02  SCV  
  24  3:09  Marine x2  
  26  3:14  Factory Tech Lab, SCV  
  27  3:26  SCV  
  21  3:41  Marine x2  
  18  3:46  Missile Turret  
  20  3:49  Missile Turret  
  11  4:18  SCV  
  10  4:38  SCV x2  
  10  4:42  Marine x2  
  12  4:58  Marine, Missile Turret  
  13  5:00  Marine  
  14  5:11  Marine  
  14  5:13  Cyclone  
  18  5:15  SCV x2  
  20  5:23  Marine  
  20  5:24  Marine  
  22  5:32  SCV  
  23  5:53  Marine x3  
  19  6:18  Marine x3  
  21  6:20  Siege Tank  
  21  6:25  Bunker  
  25  6:36  Marine  
  25  6:37  Marine x2  
  25  6:38  SCV x2  
  20  6:57  Marine x2  
  20  7:05  Siege Tank, Orbital Command  
  20  7:06  Marine  
  23  7:15  Marine  
  24  7:36  Missile Turret  
  25  7:44  SCV  
  26  7:59  SCV  
  26  8:00  SCV  
Tags
 
Add a new tag
Caveats
  • Supply blocks, unpowered buildings, or Contaminate may cause inaccurate times.
  • Supply counts are checked every 10 seconds.